 Dungeon Crawl Stone Soup version 0.25.0-46-gbd7b0854d2 (webtiles) character file.

Game seed: 1467720311311937173

226 protoss039 the Digger (level 5, 0/28 HPs)
             Began as a Deep Elf Earth Elementalist on July 14, 2020.
             Succumbed to an adder's poison
             ... in a sewer.
             The game lasted 00:11:59 (3107 turns).

protoss039 the Digger (Deep Elf Earth Elementalist) Turns: 3107, Time: 00:11:59

Health: 0/28       AC:  2    Str:  4 (5)  XL:     5   Next: 69%
Magic:  5/14       EV: 12    Int: 18 (21) God:
Gold:   117        SH:  3    Dex: 14 (15) Spells: 8/14 levels left

rFire    . . .     SeeInvis .   q - +0 dagger
rCold    . . .     Gourm    .   u - +0 buckler
rNeg     . . .     Faith    .   c - +0 robe
rPois    .         Spirit   .   (no helmet)
rElec    .         Reflect  .   (no cloak)
rCorr    .         Harm     .   (no gloves)
MR       .....                  (no boots)
Stlth    +.........             (no amulet)
HPRegen  0.09/turn              (no ring)
MPRegen  0.14/turn              (no ring)

@: lethally poisoned (0 -> -6), stab, very slightly contaminated, very slow
A: no striking features
a: no special abilities


You were in a sewer.
You were not hungry.

You visited 1 branch of the dungeon, and saw 3 of its levels.
You also visited: Sewer.

You collected 117 gold pieces.

Inventory:

Hand Weapons
 q - a +0 dagger (weapon)
Armour
 c - a +0 robe (worn)
 u - a +0 buckler (worn)
 v - a +0 leather armour
Scrolls
 a - 3 scrolls of identify
 e - a scroll of enchant armour
 g - a scroll of teleportation
 h - 3 scrolls of fear
 j - a scroll of random uselessness {unknown}
 k - 2 scrolls of magic mapping {unknown}
 l - 3 scrolls of remove curse {unknown}
 m - a scroll of immolation
 t - a scroll of blinking {unknown}
Comestibles
 b - 3 chunks of flesh
 d - 6 rations


   Skills:
 * Level 0.7 Armour
 - Level 3.0 Dodging
 - Level 3.0 Stealth
 * Level 0.4 Shields
 + Level 5.1 Spellcasting
 + Level 0.4 Conjurations
 - Level 1.1 Transmutations
 + Level 5.3 Earth Magic


You had 8 spell levels left.
You knew the following spells:

 Your Spells              Type           Power        Failure   Level  Hunger
a - Sandblast             Erth           ###...       2%          1    None
b - Passwall              Tmut/Erth      ###.....     9%          2    #......
c - Stone Arrow           Conj/Erth      ###...       19%         3    ##.....

Your spell library contained the following spells:

 Spells                   Type           Power        Failure   Level  Hunger
 Animate Skeleton         Necr           N/A          21%         1    None
 Apportation              Tloc           #.....       21%         1    None
 Corona                   Hex            #......      21%         1    None
 Summon Small Mammal      Summ           #...         21%         1    None
 Petrify                  Tmut/Erth      ###.....     47%         4    ####...
 Lee's Rapid Deconstruct  Erth           ###.......   52%         5    ######.


Dungeon Overview and Level Annotations

Branches:
Dungeon (3/15)              Sewer (1/1)

Altars:

Annotations:
D:2 1 runed translucent door, Crazy Yiuf


Message History

You don't know that spell.
Unknown command.
As you read the scroll labeled FEARIA HYPLOK, it crumbles to dust.
It is a scroll of identify.
e - a scroll of enchant armour
* * * LOW HITPOINT WARNING * * *
You feel sick.
Unknown command.
Okay, then.
Okay, then.
You aren't carrying any potions.
As you read the scroll labeled KASIKH DYKUSY, it crumbles to dust.
The scroll dissolves into smoke.
It was a scroll of fog.
Unknown command.
Unknown command.
You aren't carrying any potions.
As you read the scroll labeled DEWNAIM UNAZEUH, it crumbles to dust.
You assume a fearsome visage.
Nothing appears to happen.
It was a scroll of fear.
You die...

#≈.[..≈# #.≈≈≈≈≈#
#≈≈#≈≈ ##..≈≈≈#
#≈≈≈≈≈≈# #≈≈≈≈.
#≈≈≈≈≈≈# #≈≈≈≈≈≈#
#≈≈≈≈≈ #≈≈≈≈≈≈#
#≈÷#≈≈≈# #≈≈≈#≈
#≈≈≈≈≈≈# #≈#≈≈≈≈#
#≈≈≈≈≈ #≈≈≈≈≈≈#
#≈≈≈≈≈≈# #≈≈≈≈≈
#≈≈≈≈≈≈# #§§§§≈≈#
#≈≈≈≈≈ #≈≈≈≈≈≈#
#§§§§≈≈# #≈≈≈≈≈
#≈≈≈≈≈≈##### #§@§§≈≈#
#≈≈≈≈≈ ##.≈≈.###..#
##§§≈.## ##.≈.≈
#......##..###§.....#
#.....
##......##'##......##
#..∩∩.
#.........#.......#
#.....
##...............##
##....
##.............##
##### ######...######
#####


There were no monsters in sight!

Vanquished Creatures
  An orc wizard (D:3)
  Jessica (D:2)
  7 adders
  5 river rats
  A worm (D:2)
  2 orcs (D:3)
  2 giant cockroaches
  4 goblins
  3 hobgoblins
  8 jackals (D:2)
  2 quokkas
  3 ball pythons
  A bat (D:2)
  3 frilled lizards
  2 kobolds (D:1)
  26 rats
71 creatures vanquished.

Notes
Turn   | Place    | Note
-------+----------+-------------------------------------------
     0 | D:1      | protoss039 the Deep Elf Earth Elementalist began the quest
                  | for the Orb.
     0 | D:1      | Reached XP level 1. HP: 10/10 MP: 6/6
   623 | D:2      | Reached XP level 2. HP: 15/15 MP: 4/8
   872 | D:2      | Reached XP level 3. HP: 17/19 MP: 6/10
  1164 | D:2      | Noticed Jessica
  1169 | D:2      | Killed Jessica
  1270 | D:2      | Found a runed translucent door.
  1271 | D:2      | Noticed Crazy Yiuf
  1363 | D:2      | Reached XP level 4. HP: 24/24 MP: 10/12
  1621 | D:2      | Learned a level 2 spell: Passwall
  1625 | D:2      | Learned a level 3 spell: Stone Arrow
  1831 | D:3      | Found a glowing drain.
  1882 | D:3      | Reached skill level 5 in Earth Magic
  1958 | Sewer    | Entered a sewer
  2008 | Sewer    | Reached XP level 5. HP: 28/28 MP: 9/14
  2379 | Sewer    | Reached skill level 5 in Spellcasting
  3105 | Sewer    | HP: 1/28 [poisoned by an adder]
  3107 | Sewer    | Succumbed to an adder's poison

Illustrated notes

Levels and vault maps discovered:
D:1:      dpeg_arrival_tiny_k, layout_loops_ring
D:2:      lemuel_upstairs_altar, layout_rooms, serial_curves, eino_curves_04,
          eino_curves_04, uniq_jessica, uniq_crazy_yiuf_cottage
D:3:      layout_basic, portal_sewer_entry_a, uniq_grinder
Sewer:    sewer_minmay_w

Skill      XL: |  1  2  3  4  5 |
---------------+----------------+-----
Earth Magic    | 4 5 |  5.3
Stealth        | 3 |  3.0
Dodging        | 3 |  3.0
Spellcasting   | 4 5 |  5.1
Armour         | |  0.7
Shields        | |  0.4
Conjurations   | |  0.4
Transmutations | |  1.1

Action                   |  1- 3 |  4- 6 || total
-------------------------+-------+-------++-------
Melee: Dagger            |       |    40 ||    40
 Cast: Sandblast         |    32 |    36 ||    68
       Stone Arrow       |       |    34 ||    34
  Use: Potion            |       |     9 ||     9
       Scroll            |       |     6 ||     6
  Eat: Chunk             |     1 |     8 ||     9
Armor: Robe              |     2 |     9 ||    11
       Skin              |       |    65 ||    65
Dodge: Dodged            |    10 |    56 ||    66
Block: Buckler           |       |     2 ||     2
